 Seeded DCSS version 0.30.1-9-gdf580d7c3d (webtiles) character file.

Game seed: 6351066067085065685 (custom seed)

5 Esekla the Magician (level 1, 0/10 HPs)
             Began as a Deep Elf Wanderer on Oct 18, 2023.
             Slain by a kobold
             ... wielding a +0 short sword
              (3 damage)
             ... on level 1 of the Dungeon.
             The game lasted 00:02:28 (262 turns).

Esekla the Magician (Deep Elf Wanderer)              Turns: 262, Time: 00:02:29

Health: 0/10       AC:  2    Str: 11    XL:     1   Next: 66%
Magic:  7/8        EV: 10    Int: 17    God:
Gold:   0          SH:  4    Dex: 11    Spells: 7/9 levels left

rFire   . . .        a - +0 short sword
rCold   . . .        d - +0 buckler
rNeg    . . .        c - +0 robe
rPois   .            (no helmet)
rElec   .            (no cloak)
rCorr   .            (no gloves)
SInv    .            (no boots)
Will    .....        (no amulet)
Stlth   ++           (no ring)
HPRegen 0.21/turn    (no ring)
MPRegen 0.11/turn

%: no passive effects
@: no status effects
A: no striking features
a: no special abilities


You were on level 1 of the Dungeon.
You visited 1 branch of the dungeon, and saw 1 of its levels.

Inventory:

Hand Weapons
 a - a +0 short sword (weapon)
Armour
 c - a +0 robe (worn)
 d - a +0 buckler (worn)
Scrolls
 g - a scroll of identify {unknown}
Potions
 b - a potion of lignification
 e - a potion of ambrosia {unknown}
 f - a potion of attraction {unknown}
 h - a potion of heal wounds {unknown}


   Skills:
 + Level 1.5 Stealth
 + Level 1.7 Shields
 * Level 4.6 Spellcasting
 + Level 2.2 Translocations
 + Level 1.0 Invocations


You had 7 spell levels left.
You knew the following spells:

 Your Spells              Type           Power      Damage    Failure   Level
a - Magic Dart            Conj           12%        1d3       22%         1
p - Apportation           Tloc           22%        N/A       9%          1

Your spell library contained the following spells:

 Spells                   Type           Power      Damage    Failure   Level
 Blink                    Tloc           22%        N/A       13%         2
 Lesser Beckoning         Tloc           22%        N/A       13%         2
 Ignite Poison            Fire/Tmut/Pois 3%         N/A       54%         3
 Vampiric Draining        Necr           3%         2d6       54%         3


Dungeon Overview and Level Annotations

Branches:
Dungeon (1/15)

Altars:


Message History

The ball python bites you but does no damage.
The ball python grabs you. The ball python constricts you.
You escape the ball python's grasp.
The bat hits you but does no damage. The kobold attacks as you move away!
The kobold hits you but does no damage. The bat hits you but does no damage.
The kobold attacks as you move away! The kobold hits you but does no damage.
The bat hits you but does no damage. The bat hits you.
* * * LOW HITPOINT WARNING * * *
The bat hits you but does no damage. The bat hits you but does no damage.
The bat attacks as you move away! The bat hits you but does no damage.
You block the bat's attack. The bat barely misses you.
You closely miss the bat. The bat barely misses you.
The bat closely misses you.
You closely miss the bat. The bat barely misses you.
The bat hits you but does no damage. The kobold barely misses you.
You hit the ball python.
You kill the ball python!
You block the bat's attack. The kobold hits you but does no damage.
The kobold hits you with a +0 short sword.
* * * LOW HITPOINT WARNING * * *
You barely miss the bat. The bat hits you but does no damage.
The bat barely misses you. The bat hits you.
* * * LOW HITPOINT WARNING * * *
The kobold barely misses you. You block the bat's attack.
You miss the bat. The bat hits you but does no damage. x2
The kobold hits you with a +0 short sword.
* * * LOW HITPOINT WARNING * * *
You hit the bat.
You kill the bat!
The kobold completely misses you. You block the bat's attack.
You hit the endoplasm but do no damage. The bat closely misses you.
The kobold misses you. The endoplasm barely misses you.
You hit the endoplasm but do no damage. The kobold barely misses you.
The bat hits you but does no damage. The endoplasm misses you.
You hit the endoplasm.
The endoplasm is moderately wounded.
The bat barely misses you.
The kobold hits you with a +0 short sword.
You die...

###### #...### #....#
######.....##
##....####........#..#####
#.......#..####...#......#
###....................#..#
####...............J..l...#.##
#....#.########l#######...#.#
#.####........JK# #####.# #.#
#≈.≈##''#b@# #J# ##.##
#≈⌠≈#...#♣.# #b#
#...###≈≈≈#.♣.#♣.# #.#
###...#####...#♣8# #.# ###.#
####''#### #.# #.###..#...#
#.# #.†##.<'.### .# #.#
##)####### ... #.# ### #.. #.#


You could see an endoplasm, a bat, a kobold and a frilled lizard.

Vanquished Creatures
  2 ball pythons (D:1)
  A goblin (D:1)
  A bat (D:1)
  A kobold (D:1)
5 creatures vanquished.

Notes
Turn   | Place    | Note
-------+----------+-------------------------------------------
     0 | D:1      | Esekla the Deep Elf Wanderer began the quest for the Orb.
     0 | D:1      | Esekla set off with the following items: a +0 club, a
                  | potion of lignification, a +0 robe, a +0 buckler; and the
                  | following spells available to memorise: Apportation, Blink,
                  | Lesser Beckoning, Magic Dart, Ignite Poison, Vampiric
                  | Draining.
     0 | D:1      | Reached XP level 1. HP: 10/10 MP: 7/7
     2 | D:1      | Learned a level 1 spell: Magic Dart
     4 | D:1      | Learned a level 1 spell: Apportation
   262 | D:1      | Slain by a kobold

Illustrated notes

Levels and vault maps discovered:
D:1:      sevenhm_arrival_forest_fort_small_3, layout_rooms,
          chequers_serial_rivers_room_b, minmay_misc_feat_five

Action                     || total
---------------------------++-------
  Melee: Short sword       ||    12
   Cast: Magic Dart        ||     5
         Apportation       ||     3
    Use: Scroll            ||     1
 Armour: Robe              ||    42
  Dodge: Dodged            ||    55
  Block: Buckler           ||    17
